 Dungeon Crawl Stone Soup version 0.31-a0-174-g85c54bcb58 (webtiles) character file.

Game seed: 10866705607237012393

88 qw the Shooter (level 4, 0/28 HPs)
             Began as a Gargoyle Hunter on June 15, 2023.
             Slain by an orc wizard
             ... wielding a +0 dagger
              (1 damage)
             ... on level 4 of the Dungeon.
             The game lasted 00:01:43 (2616 turns).

qw the Shooter (Gargoyle Hunter)                    Turns: 2616, Time: 00:01:44

Health: 0/28       AC:  9    Str: 14    XL:     4   Next: 54%
Magic:  3/3        EV: 10    Int: 10    God:
Gold:   165        SH:  0    Dex: 15    Spells: 3/3 levels left

rFire   . . .        i - +0 longbow
rCold   . . .        (shield currently unavailable)
rNeg    + + .        g - +0 ring mail
rPois   inf          (no helmet)
rElec   +            (no cloak)
rCorr   .            (no gloves)
SInv    .            c - +0 pair of boots
Will    .....        (no amulet)
Stlth   +            j - ring of positive energy
HPRegen 0.24/turn    (no ring)
MPRegen 0.08/turn

%: no passive effects
@: no status effects
A: sickness immunity, AC +3, negative energy resistance 1, electricity
resistance, torment resistance 1, petrification resistance, low MP 1
a: no special abilities


You were on level 4 of the Dungeon.
You visited 1 branch of the dungeon, and saw 4 of its levels.

You collected 165 gold pieces.


Innate Abilities, Weirdness & Mutations

You are immune to sickness and miasma.
Your stone body is resilient. (AC +3)
You are immune to poison.
You resist negative energy. (rN+)
You are resistant to electric shocks. (rElec)
You are resistant to unholy torment.
You are immune to petrification.
Your magical capacity is low. (-10% MP)


   Skills:
 - Level 3.0 Fighting
 + Level 5.3 Ranged Weapons
 - Level 1.1 Armour
 - Level 1.5 Dodging
 - Level 1.1 Stealth


You had 3 spell levels left.
You didn't know any spells.
Your spell library was empty.

Inventory:

Hand Weapons
 i - a +0 longbow (weapon)
Armour
 c - a +0 pair of boots (worn)
 g - a +0 ring mail (worn)
Jewellery
 j - a ring of positive energy (left hand)
Potions
 a - a potion of might {unknown}
 b - a potion of mutation
 d - a potion of magic {unknown}
 e - a potion of invisibility {unknown}
 f - a potion of resistance {unknown}
 h - 2 potions of curing

Dungeon Overview and Level Annotations

Branches:
Dungeon (4/15)
 Temple: D:4-7

Altars:
Trog
Zin

Annotations:
D:2 1 runed translucent door, Crazy Yiuf


Message History

The orc wizard is severely wounded.
The orc wizard hits you but does no damage.
Something hits you. Something hits you but does no damage.
The orc wizard hits you but does no damage.
You shoot an arrow.
The arrow completely misses the orc wizard.
Something hits you but does no damage. The orc wizard barely misses you.
Something hits you but does no damage.
The orc wizard casts a spell.
The orc wizard flickers and vanishes!
You shoot an arrow.
Something hits you but does no damage. x2
You shoot an arrow. Something hits you. x4
You shoot an arrow.
Something hits you but does no damage. x2
You shoot an arrow.
You hear some strange, mumbled words.
You are confused.
You hear some strange, mumbled words.
Something tries to affect you, but you resist.
Something hits you but does no damage. x2
You shoot an arrow. Something hits you but does no damage.
You hear some strange, mumbled words.
A puff of flame appears from out of thin air!
The puff of flame misses you.
You shoot an arrow. Something hits you. x3
You hear some strange, mumbled words.
A puff of flame appears from out of thin air!
The puff of flame misses you.
You shoot an arrow.
You hear some strange, mumbled words.
A puff of flame appears from out of thin air!
The puff of flame hits you. Something hits you but does no damage.
You shoot an arrow.
You feel less confused. Something hits you.
You die...

#..### #..... ..
.... ) #..# .# #
#.>###.##.#
######.........#
#....<....)....#
#.......{{.....#
#.......@.$....#
#..............+
###.####>#####+#
#. #.# .. #..
... +... ..
#...# #####


There were no monsters in sight!

Vanquished Creatures
  2 adders
  3 worms (D:2)
  A dart slug (D:2)
  4 orcs
  6 bats
  4 endoplasms
  A giant cockroach (D:2)
  2 goblins (D:2)
  3 hobgoblins
  6 jackals (D:2)
  5 kobolds
  4 quokkas
  6 ball pythons
  A frilled lizard (D:3)
  3 rats
51 creatures vanquished.

Notes
Turn   | Place    | Note
-------+----------+-------------------------------------------
     0 | D:1      | qw the Gargoyle Hunter began the quest for the Orb.
     0 | D:1      | Reached XP level 1. HP: 12/12 MP: 1/1
     0 | D:1      | 0 ||| qw: Version: 0.2-a-29-g511e9b1
     0 | D:1      | 0 ||| qw: Game counter: 5601
     0 | D:1      | 0 ||| qw: Always use a shield: true
     0 | D:1      | 0 ||| qw: God list: Okawaru
     0 | D:1      | 0 ||| qw: Allow faded altars: false
     0 | D:1      | 0 ||| qw: Do Orc after D:15 true
     0 | D:1      | 0 ||| qw: Do second Lair branch before Depths: true
     0 | D:1      | 0 ||| qw: Lair rune preference: random
     0 | D:1      | 0 ||| qw: Plans: Normal, Zot:1-4, Slime:5, God:TSO, Crypt,
                  | Tomb, Abyss, Pan, Hells, Win
     0 | D:1      | 0 ||| PLANNING D:1-11
   354 | D:1      | 354 ||| UPGRADING to +0 ring mail.
   364 | D:1      | 364 ||| DROPPING +0 leather armour.
   365 | D:1      | 365 ||| READING scroll labelled JEDUMN TIES.
   370 | D:1      | 370 ||| READING 3 scrolls labelled VOCAVA ZUWE.
   371 | D:1      | 371 ||| READING 2 scrolls of enchant weapon.
   371 | D:1      | 371 ||| ENCHANTING +1 shortbow.
   372 | D:1      | 372 ||| READING scroll of enchant weapon.
   372 | D:1      | 372 ||| ENCHANTING +2 shortbow.
   373 | D:1      | 373 ||| READING scroll labelled DYSSEA TANGO.
   374 | D:1      | 374 ||| DROPPING scroll of butterflies.
   389 | D:2      | Reached XP level 2. HP: 17/17 MP: 2/2
   392 | D:2      | Reached skill level 1 in Armour
   458 | D:2      | 458 ||| READING scroll of enchant weapon.
   458 | D:2      | 458 ||| ENCHANTING +3 shortbow.
   472 | D:2      | 472 ||| FLEEEEING.
   579 | D:2      | Reached XP level 3. HP: 21/21 MP: 3/3
   606 | D:2      | 606 ||| DRINKING 2 silvery potions.
   625 | D:2      | Reached skill level 5 in Ranged Weapons
   790 | D:2      | Found a runed translucent door.
   791 | D:2      | Noticed Crazy Yiuf
   948 | D:2      | Reached XP level 4. HP: 27/27 MP: 4/4
  1069 | D:2      | Reached skill level 3 in Fighting
  2202 | D:3      | 2202 ||| UPGRADING to +0 longbow.
  2203 | D:3      | 2203 ||| DROPPING +4 shortbow.
  2255 | D:3      | Found a glowing silver altar of Zin.
  2257 | D:3      | Found a bloodstained altar of Trog.
  2536 | D:3      | 2536 ||| UPGRADING to +0 pair of boots.
  2541 | D:3      | 2541 ||| UPGRADING to ring of positive energy.
  2542 | D:3      | 2542 ||| DRINKING 2 metallic purple potions.
  2542 | D:3      | Gained mutation: Your magical capacity is low. (-10% MP)
                  | [potion of mutation]
  2593 | D:4      | 2593 ||| DRINKING 4 potions of curing.
  2593 | D:4      | 2593 ||| (to cure confusion)
  2598 | D:4      | 2598 ||| DRINKING 3 potions of curing.
  2598 | D:4      | 2598 ||| (to cure confusion)
  2614 | D:4      | HP: 5/28 [something (3)]
  2615 | D:4      | HP: 1/28 [something/puff of flame (3)]
  2616 | D:4      | Slain by an orc wizard

Levels and vault maps discovered:
D:1:      wander_arrival_fairy_ring, layout_rooms
D:2:      minmay_inner_zag, layout_basic, uniq_crazy_yiuf_cottage
D:3:      layout_basic, chequers_temple_overflow_statue_of_worship
D:4:      layout_gridville, nicolae_ashenzari_skybound, uniq_blork_the_orc

Skill      XL: |  1  2  3  4 |
---------------+-------------+-----
Armour         | 1 |  1.1
Ranged Weapons | 5 |  5.3
Fighting       | 3 |  3.0
Dodging        | |  1.5
Stealth        | |  1.1

Action                     |  1- 3 |  4- 6 || total
---------------------------+-------+-------++-------
   Fire: Shortbow          |    89 |    22 ||   111
         Longbow           |       |    34 ||    34
    Use: Scroll            |     6 |       ||     6
         Potion            |     1 |     3 ||     4
 Armour: Leather armour    |     2 |       ||     2
         Ring mail         |    18 |    32 ||    50
  Dodge: Dodged            |    30 |    14 ||    44

Table legend:
 A = Non-vault XP
 B = Vault XP
 C = Vault XP percentage of total XP
 D = Non-vault monster count
 E = Vault monster count
 F = Vault count percentage of total count
                 A         B        C        D         E       F
            +---------+---------+-------+---------+---------+-------
      Total |     111 |      16 |  12.6 |      48 |       3 |   5.9
            +---------+---------+-------+---------+---------+-------
        D:1 |       7 |       0 |   0.0 |       4 |       0 |   0.0
        D:2 |      64 |      16 |  20.0 |      30 |       3 |   9.1
        D:3 |      31 |       0 |   0.0 |      11 |       0 |   0.0
        D:4 |       9 |       0 |   0.0 |       3 |       0 |   0.0
            +---------+---------+-------+---------+---------+-------
